 Dungeon Crawl Stone Soup version 0.31-a0-152-g6aa68a64a1 (webtiles) character file.

Game seed: 13775701579203367431

49 Zonian the Ruffian (level 3, 0/19 HPs)
             Began as a Vine Stalker Gladiator on June 11, 2023.
             Succumbed to an adder's poison
             ... on level 2 of the Dungeon.
             The game lasted 00:01:57 (780 turns).

Zonian the Ruffian (Vine Stalker Gladiator)          Turns: 780, Time: 00:01:58

Health: 0/19       AC:  4    Str: 18    XL:     3   Next: 75%
Magic:  2/4        EV: 12    Int:  8    God:
Gold:   101        SH:  0    Dex: 15    Spells: 2/2 levels left

rFire   . .          .
                       - Unarmed
rCold   + . .        (no shield)
rNeg    . . .        a - +0 leather armour
rPois   .            b - +0 helmet
rElec   .            (no cloak)
rCorr   .            (no gloves)
SInv    .            (no boots)
Will    .....        (no amulet)
Stlth   +            f - ring of protection from cold
HPRegen 0.23/turn    (no ring)
MPRegen 0.09/turn

%: guardian spirit
@: lethally poisoned (0 -> -1)
A: fangs 2, magic shield, antimagic bite, no potion heal 2
a: no special abilities


You were on level 2 of the Dungeon.
You visited 1 branch of the dungeon, and saw 2 of its levels.

You collected 101 gold pieces.

Inventory:

Missiles
 c - 3 throwing nets (quivered)
 d - a javelin
Armour
 a - a +0 leather armour (worn)
 b - a +0 helmet (worn)
Jewellery
 f - a ring of protection from cold (left hand)
 i - a ring of ice
Wands
 j - a wand of charming (11)
Scrolls
 e - 3 scrolls of identify {unknown}
 g - 4 scrolls of magic mapping {unknown}
 h - a scroll of fog {unknown}


   Skills:
 + Level 2.3 Fighting
 + Level 2.3 Throwing
 + Level 2.8 Dodging
 + Level 3.4 Unarmed Combat


You had 2 spell levels left.
You didn't know any spells.
Your spell library was empty.

Dungeon Overview and Level Annotations

Branches:
Dungeon (2/15)

Altars:


Innate Abilities, Weirdness & Mutations

You have extremely sharp teeth.
When hurt, damage is shared between your health and your magic reserves.
Your bite disrupts and absorbs the magic of your enemies.
Potions cannot restore your health.


Message History

You see here a +0 club.
You see here a +0 club.
An adder comes into view.
An adder is nearby!
You completely miss the adder. Your bite misses the adder. The adder bites you.
You are poisoned.
The adder poisons you!
You completely miss the adder. Your bite misses the adder.
You feel sick. The adder bites you but does no damage.
You hit the adder but do no damage. Your bite misses the adder.
You feel sick. The adder closely misses you. The adder bites you.
You are more poisoned.
The adder poisons you!
You closely miss the adder. Your bite misses the adder.
You feel sick. The adder bites you.
You are more poisoned.
The adder poisons you!
You barely miss the adder.
You feel sick. The adder bites you.
You are too injured to fight recklessly!
Unknown command.
It was a potion of cancellation.
You feel magically purged.
You feel sick. The adder barely misses you.
Aiming: Charm
Press: ? - help, Shift-Dir - straight line, f - adder
Aim: an adder (chance to affect: 57%)
The adder is charmed.
* * * LOW HITPOINT WARNING * * *
You feel sick.
Unknown command.
* * * LOW HITPOINT WARNING * * *
You feel sick.
* * * LOW HITPOINT WARNING * * *
You feel sick.
* * * LOW HITPOINT WARNING * * *
You feel sick.
* * * LOW HITPOINT WARNING * * *
You feel sick.
* * * LOW HITPOINT WARNING * * *
You feel sick.
You die...

# ######### # #.......# #
#######.......# #
############.............#
#
#..........#.#####...)...#
# #..........#.# #....####
###..........#.########.#
.............'..@>......#
###..........#.##.#######
#..........#.##S#
#..........#.##.#
############.##.# #.##.#
#.##.# #.##.# #.#


You could see a friendly adder (charmed).

Vanquished Creatures
  An adder (D:2)
  A dart slug (D:1)
  6 ball pythons
  An endoplasm (D:1)
  3 giant cockroaches (D:1)
  5 goblins
  2 hobgoblins (D:1)
  2 jackals (D:2)
  2 kobolds (D:1)
  A quokka (D:1)
  5 bats
  A frilled lizard (D:1)
  4 rats
34 creatures vanquished.

Notes
Turn   | Place    | Note
-------+----------+-------------------------------------------
     0 | D:1      | Zonian the Vine Stalker Gladiator began the quest for the
                  | Orb.
     0 | D:1      | Reached XP level 1. HP: 11/11 MP: 2/2
   169 | D:1      | Reached XP level 2. HP: 15/15 MP: 3/3
   279 | D:1      | Found a faded altar of an unknown god.
   287 | D:1      | Reached XP level 3. HP: 17/18 MP: 4/4
   780 | D:2      | Succumbed to an adder's poison

Illustrated notes

Levels and vault maps discovered:
D:1:      lightli_arrival_noodles, layout_rooms,
          nicolae_ecumenical_snake_handling
D:2:      kennysheep_the_goblin_king, layout_basic, basic_altar

Skill      XL: |  1 |
---------------+----+-----
Fighting       | 2 |  2.3
Throwing       | 2 |  2.3
Dodging        | |  2.8
Unarmed Combat | |  3.4

Action                     || total
---------------------------++-------
  Melee: Unarmed           ||    98
         Bite              ||    22
         Punch             ||     2
  Evoke: Wand              ||     1
    Use: Potion            ||     1
   Stab: Sleeping          ||     1
 Armour: Leather armour    ||    30
  Dodge: Dodged            ||    73

Table legend: (Time is in decaauts)
 A = Elapsed time spent in this place.
 B = Non-inter-level travel time spent in this place.
 C = Inter-level travel time spent in this place.
 D = Time resting spent in this place.
 E = Time spent auto-exploring this place.
 F = Levels seen in this place.
 G = Mean time per level.
                   A        B        C        D        E       F      G
               +--------+--------+--------+--------+--------+-----+--------+
         Total |    773 |    747 |     26 |      0 |    504 |   2 |  386.5 |
       Dungeon |    773 |    747 |     26 |      0 |    504 |   2 |  386.5 |
               +--------+--------+--------+--------+--------+-----+--------+

Top non-repeatable levels by time:
     D:1: 521 daAuts
     D:2: 251 daAuts
